General information
- name: BNet
- type: Ladder 1vs1/FFA
- host: Battle.net
- saver: 7.12
map: MeltingValley
- players: 2
- length: 20:11
- speed: Fast
- version: 1.24 W3XP
- replay type: Public
» download(64 KB)
Players
team 1 (loser)
lubke (
yellow | 75 APM | 1514 actions | 20:10)
4 Blademaster
2 Wind Walk
2 Critical Strike
» actions
| Assign group hotkey | 149 | |
| Basic commands | 277 | |
| Build / train | 80 | |
| ESC pressed | 6 | |
| Enter build submenu | 18 | |
| Enter hero's abilities submenu | 5 | |
| Give item / drop item | 2 | |
| Remove unit from queue | 2 | |
| Right click | 560 | |
| Select / deselect | 228 | |
| Select group hotkey | 89 | |
| Use ability | 98 | |
1514 total
» units
| Peon | 4 | |
| Grunt | 11 | |
| Wind Rider | 15 | |
| Shaman | 11 | |
41 total
» upgrades
| Pillage | 1 | |
| Shaman Training | 2 | |
| Witch Doctor Training | 1 | |
4 total
» buildings
| Altar of Storms | 1 | |
| Orc Burrow | 7 | |
| Barracks | 1 | |
| Voodoo Lounge | 1 | |
| Stronghold | 4 | |
| Fortress | 3 | |
| Beastiary | 1 | |
| Spirit Lodge | 2 | |
20 total
» build order
00:06 Altar of Storms
00:14 Orc Burrow
00:42 Barracks
01:19 Orc Burrow
03:37 Voodoo Lounge
03:37 Stronghold
03:38 Stronghold
03:38 Stronghold
05:22 Orc Burrow
06:01 Fortress
06:01 Fortress
06:02 Fortress
06:19 Beastiary
08:57 Spirit Lodge
09:05 Spirit Lodge
13:24 Orc Burrow
18:16 Orc Burrow
18:18 Orc Burrow
18:19 Orc Burrow
» items
| Healing Salve | 3 | |
| Lesser Clarity Potion | 3 | |
| Scroll of Speed | 2 | |
| Potion of Healing | 7 | |
| Scroll of Healing | 1 | |
| Potion of Mana | 1 | |
17 total
team 2 (winner)
7.12 (
red | 66 APM | 1329 actions | 20:11)
6 Mountain King
3 Storm Bolt
2 Bash
1 Avatar
» actions
| Assign group hotkey | 42 | |
| Basic commands | 147 | |
| Build / train | 104 | |
| ESC pressed | 4 | |
| Enter build submenu | 50 | |
| Enter hero's abilities submenu | 6 | |
| Give item / drop item | 3 | |
| Remove unit from queue | 1 | |
| Right click | 404 | |
| Select / deselect | 316 | |
| Select group hotkey | 146 | |
| Use ability | 106 | |
1329 total
» units
| Peasant | 20 | |
| Footman | 7 | |
| Rifleman | 4 | |
| Goblin Shredder | 1 | |
| Knight | 3 | |
| Gryphon Rider | 1 | |
| Dragonhawk Rider | 2 | |
38 total
» upgrades
| Defend | 1 | |
| Gunpowder | 3 | |
| Long Rifles | 1 | |
| Animal War Training | 1 | |
| Masonry | 3 | |
| Lumber Harvesting | 2 | |
| Magic Sentry | 1 | |
| Sorceress Training | 1 | |
| Plating | 1 | |
| Swords | 2 | |
| Cloud | 1 | |
| Storm Hammers | 1 | |
| Armor | 1 | |
19 total
» buildings
| Altar of Kings | 1 | |
| Barracks | 1 | |
| Farm | 12 | |
| Scout Tower | 22 | |
| Arcane Tower | 4 | |
| Town Hall | 2 | |
| Arcane Vault | 1 | |
| Keep | 1 | |
| Lumber Mill | 2 | |
| Blacksmith | 1 | |
| Guard Tower | 13 | |
| Castle | 1 | |
| Arcane Sanctum | 1 | |
| Gryphon Aviary | 3 | |
65 total
» build order
00:07 Altar of Kings
00:13 Barracks
00:39 Farm
00:41 Farm
01:19 Farm
01:35 Scout Tower
02:14 Arcane Tower
02:37 Farm
02:41 Farm
04:40 Town Hall
04:42 Scout Tower
04:58 Arcane Vault
05:12 Arcane Tower
05:31 Farm
07:11 Keep
07:16 Lumber Mill
07:28 Blacksmith
07:44 Scout Tower
07:45 Scout Tower
07:48 Scout Tower
07:49 Scout Tower
07:52 Scout Tower
07:55 Scout Tower
08:33 Guard Tower
08:45 Guard Tower
08:50 Scout Tower
08:50 Scout Tower
08:51 Scout Tower
09:38 Castle
09:39 Scout Tower
10:07 Guard Tower
10:15 Guard Tower
10:18 Guard Tower
10:39 Farm
10:58 Guard Tower
11:55 Scout Tower
11:56 Scout Tower
11:57 Scout Tower
11:57 Scout Tower
12:23 Scout Tower
12:23 Scout Tower
12:24 Arcane Tower
12:25 Arcane Tower
12:26 Guard Tower
12:28 Guard Tower
12:46 Guard Tower
12:51 Guard Tower
13:35 Arcane Sanctum
13:43 Lumber Mill
13:48 Scout Tower
13:51 Scout Tower
13:54 Scout Tower
14:19 Guard Tower
14:21 Scout Tower
14:31 Guard Tower
14:55 Guard Tower
15:46 Town Hall
16:40 Gryphon Aviary
16:42 Gryphon Aviary
16:44 Gryphon Aviary
17:14 Farm
17:19 Farm
17:20 Farm
17:21 Farm
17:22 Farm
» items
| Scroll of Regeneration | 7 | |
| Mechanical Critter | 2 | |
| Lesser Clarity Potion | 4 | |
| Dust of Appearance | 2 | |
| Boots of Speed | 1 | |
| Periapt of Vitality | 1 | |
| Staff of Sanctuary | 1 | |
| Orb of Fire | 1 | |
| Potion of Lesser Invulnerability | 1 | |
20 total
Chat log
(14:33 / All) lubke: ?
(14:35 / All) lubke: tower
(14:37 / All) 7.12: ?
(14:38 / All) lubke: its bitch game
(14:39 / All) 7.12: mad?
(14:42 / All) lubke: why
(14:42 / All) 7.12: ok so leave
(14:46 / All) lubke: what
(14:50 / All) 7.12: leave if its a bitch game
(14:52 / All) 7.12: go find another
(14:56 / All) lubke: ?
(14:58 / All) 7.12: blademaster harass is "bitch game"
(14:59 / All) lubke: what you talk man
(15:04 / All) lubke: its hero
(15:07 / All) lubke: are u stupid
(15:09 / All) 7.12: no
(15:09 / All) 7.12: u
(15:11 / All) lubke: its his magic
(15:14 / All) lubke: wtf
(15:19 / All) 7.12: and my towers are magic
(15:31 / All) lubke: ?>
(16:01 / All) lubke: tower its bitch game
(16:03 / All) lubke: be reall
(16:11 / All) 7.12: are you trying to negotiate a win?
(16:21 / All) lubke: this is your game?
(16:25 / All) 7.12: so leave?
(16:28 / All) lubke: no
(16:31 / All) 7.12: lol
(16:40 / All) lubke: you are bitch
(16:45 / All) 7.12: u mad
(16:52 / All) lubke: your game it bitch
(16:57 / All) 7.12: you make no sense
(17:01 / All) 7.12: do you speak english
(17:02 / All) lubke: fucker
(17:04 / All) 7.12: HAHAHA
(17:11 / All) lubke: fuck off
(17:16 / All) 7.12: so angry...
(17:23 / All) lubke: you are bitch
(17:27 / All) 7.12: angry angry angry
(17:36 / All) lubke: come to middle
(17:37 / All) lubke: fucker
(17:39 / All) 7.12: soooo mad
(17:44 / All) lubke: ???
(17:49 / All) lubke: you are fucker in this game
(17:52 / All) lubke: now here
(17:53 / All) 7.12: you rage boy
(17:54 / All) 7.12: you rage
(17:56 / All) lubke: belive me
(18:00 / All) 7.12: you understand rage?
(18:00 / All) lubke: fuck off
(18:08 / All) lubke: your problem
(18:09 / All) 7.12: apparently you do.
(18:36 / All) lubke: only bitch boys go in tower
(18:43 / All) 7.12: only bitch boys use blademaster
(18:44 / All) 7.12: pwned
(18:48 / All) lubke: hahaha
(18:52 / All) lubke: i am man for you
(18:58 / All) 7.12: internet tough guy?
(20:05 / All) 7.12: hey
(20:06 / All) 7.12: your bm died.